Map: Dusk Towers

Players

PaRaDoX

  • Race: Protoss Protoss
  • League: Diamond

LilDicky - Winner!

  • Race: Terran Terran
  • League: Diamond

VOD

http://www.twitch.tv/tumescentpie

Description

Time

  • Played on: Nov. 25, 2015, 9:28 p.m.
  • Length: 4:28
Show
View Real Time Build Order
Export as new Build Order

PaRaDoX Protoss 

Build Orders:  

Get SALT Encoding   

  12  0:01  Probe (Chrono Boost)  
  13  0:11  Probe (Chrono Boost)  
  14  0:18  Pylon  
  14  0:22  Probe (Chrono Boost)  
  15  0:36  Probe (Chrono Boost)  
  16  0:47  Probe (Chrono Boost)  
  17  1:06  Nexus  
  17  1:13  Gateway  
  17  1:17  Probe (Chrono Boost)  
  18  1:21  Assimilator  
  18  1:29  Probe (Chrono Boost), Assimilator  
  18  1:40  Probe (Chrono Boost)  
  18  1:41  Pylon  
  19  1:51  Probe (Chrono Boost)  
  20  2:01  Cybernetics Core  
  20  2:02  Probe (Chrono Boost)  
  21  2:13  Probe (Chrono Boost)  
  22  2:16  Gateway  
  22  2:19  Probe (Chrono Boost)  
  23  2:24  Probe (Chrono Boost)  
  24  2:31  Probe (Chrono Boost)  
  24  2:34  Probe (Chrono Boost)  
  26  2:39  Adept (Chrono Boost)  
  26  2:41  Probe (Chrono Boost)  
  29  2:45  Probe (Chrono Boost)  
  29  2:50  Probe  
  30  2:58  Mothership Core  
  33  3:00  Pylon  
  33  3:01  Probe  
  34  3:10  Adept (Chrono Boost)  
  34  3:11  Probe, Adept (Chrono Boost)  
  38  3:19  Probe  
  32  3:26  Probe, Robotics Facility  
  33  3:35  Probe  
  33  3:37  Probe  
  35  3:47  Probe  
  35  3:55  Probe  
  33  3:59  Stalker (Chrono Boost), Probe  
  39  4:09  Probe  
  37  4:11  Probe  
Show
View Real Time Build Order
Export as new Build Order

LilDicky Terran - Winner!

Build Orders:  

Get SALT Encoding   

  12  0:01  SCV  
  13  0:13  SCV  
  14  0:18  Supply Depot  
  14  0:25  SCV  
  15  0:32  Refinery  
  15  0:39  SCV  
  16  0:45  Barracks  
  16  0:55  SCV  
  17  1:08  SCV  
  18  1:20  SCV  
  19  1:32  Marine  
  20  1:33  Supply Depot  
  20  1:34  Orbital Command  
  19  1:42  Factory  
  19  1:56  Marine  
  19  1:59  SCV  
  21  2:05  Barracks  
  21  2:11  Barracks  
  21  2:20  Barracks Reactor  
  21  2:21  Refinery  
  21  2:23  Supply Depot  
  21  2:25  SCV  
  22  2:40  Widow Mine  
  22  2:42  SCV  
  25  2:54  SCV  
  25  2:55  Barracks Tech Lab  
  26  2:58  Barracks Tech Lab  
  26  3:01  Marine x2  
  28  3:06  SCV  
  28  3:12  Widow Mine  
  30  3:18  SCV  
  31  3:21  Marine x2  
  31  3:25  Marine  
  34  3:27  Marine  
  35  3:35  Supply Depot  
  35  3:51  Marauder x2  
  39  3:56  SCV, Marine x2  
  39  3:58  Widow Mine  
  43  4:14  Starport  
  43  4:15  Supply Depot  
Tags
 
Add a new tag
Caveats
  • Supply blocks, unpowered buildings, or Contaminate may cause inaccurate times.
  • Supply counts are checked every 10 seconds.